 Dungeon Crawl Stone Soup version 0.26.1-11-gd32895ea62 (webtiles) character file.

Game seed: 3906234938110004842

1008 sergeynaz the Gusty (level 8, -1/57 HPs)
             Began as a Red Draconian Air Elementalist on June 2, 2021.
             Was an Initiate of Gozag.
             Splashed by a jelly's acid (8 damage)
             ... on level 5 of the Dungeon.
             The game lasted 00:43:36 (7449 turns).

sergeynaz the Gusty (DrAE)                          Turns: 7449, Time: 00:43:37

Health: -1/57      AC: -8    Str: 12    XL:     8   Next: 1%
Magic:  14/15      EV: 12    Int: 17    God:    Gozag
Gold:   441        SH:  0    Dex: 11    Spells: 8/16 levels left

rFire    + . .     SeeInvis .   d - +0 spear
rCold    . . .     Faith    .   (no shield)
rNeg     . . .     Spirit   .   (armour unavailable)
rPois    .         Reflect  .   (helmet restricted)
rElec    .         Harm     .   p - +1 cloak
rCorr    .         Rampage  .   (no gloves)
Will     .....                  (no boots)
Stlth    ++........             (no amulet)
HPRegen  0.19/turn              (no ring)
MPRegen  0.14/turn              (no ring)

@: corroded
A: breathe fire, unfitting armour, fire resistance 1, cold-blooded, AC +6
a: Breathe Fire, Renounce Religion, Potion Petition, Call Merchant, Bribe Branch


You were on level 5 of the Dungeon.
You worshipped Gozag.
Gozag was aware of your devotion.
You visited 1 branch of the dungeon, and saw 5 of its levels.

You collected 495 gold pieces.
You paid 54 gold pieces to Gozag.

Inventory:

Hand Weapons
 d - a +0 spear (weapon)
 e - a +3 hand axe
 o - a +4 quarterstaff of chaos
 v - a +3 long sword
Missiles
 g - 41 poisoned darts
 r - 5 atropa-tipped darts
 y - 8 boomerangs
Armour
 p - a +1 cloak (worn)
Jewellery
 h - an uncursed ring of flight
 j - an uncursed amulet of regeneration
 q - a +4 ring of protection {unknown}
Wands
 l - a wand of iceblast (4)
 n - a wand of polymorph (3)
Scrolls
 a - 2 scrolls of teleportation
 b - 2 scrolls of identify
 c - 5 scrolls of magic mapping {unknown}
 s - 2 scrolls of remove curse {unknown}
 u - a scroll of amnesia {unknown}
 x - a scroll of fear {unknown}
Potions
 f - 4 potions of curing
 i - a potion of might
 k - a potion of flight {unknown}
 m - a potion of resistance {unknown}
 t - a potion of brilliance {unknown}
 w - a potion of lignification {unknown}
 z - a potion of mutation {unknown}
 A - a potion of magic {unknown}


   Skills:
 - Level 1.7 Dodging
 - Level 1.7 Stealth
 + Level 4.8 Spellcasting
 * Level 5.8 Conjurations
 - Level 6.0 Air Magic


You had 8 spell levels left.
You knew the following spells:

 Your Spells              Type           Power        Failure   Level
a - Shock                 Conj/Air       96%          1%          1
b - Swiftness             Air            24%          1%          2
c - Lightning Bolt        Conj/Air       12%          34%         5

Your spell library contained the following spells:

 Spells                   Type           Power        Failure   Level
 Static Discharge         Conj/Air       24%          3%          3
 Airstrike                Air            12%          12%         4
 Animate Skeleton         Necr           8%           14%         1
 Apportation              Tloc           8%           14%         1
 Corona                   Hex            4%           14%         1
 Summon Small Mammal      Summ           16%          14%         1


Dungeon Overview and Level Annotations

Branches:
Dungeon (5/15)
 Temple: D:4-7

Altars:
Gozag
Kikubaaqudgha
Nemelex Xobeh
Sif Muna
Trog
Vehumet
Yredelemnul
Zin

Annotations:
D:4 2 transporters, 1 runed translucent door, Menkaure; Zeld's ghost, amateur GrMo


Innate Abilities, Weirdness & Mutations

You can breathe blasts of fire.
Your fiery red scales are hard. (AC +6)
You cannot fit into any form of body armour.
Your flesh is heat resistant. (rF+)
You are cold-blooded and may be slowed by cold attacks.


Message History

The jelly hits you but does no damage.
You barely miss the jelly.
The jelly is almost dead.
The jelly misses you.
You hit the jelly but do no damage.
Your hands burn!
The jelly is almost dead.
The jelly hits you but does no damage.
You hit the jelly but do no damage. The acid corrodes you!
Your hands burn!
The jelly is almost dead.
The jelly hits you.
You are splashed with acid!
You hit the jelly but do no damage.
Your hands burn!
Your tail-slap misses the jelly.
The jelly is almost dead.
The jelly hits you. The acid corrodes you!
You are splashed with acid!
* * * LOW HITPOINT WARNING * * *
The jelly hits you.
* * * LOW HITPOINT WARNING * * *
The acid corrodes you!
You are splashed with acid!
You die...
Your body crumbles into a pile of gold.

..........# #...#.###.####.#
##.########.#...#.###.# #.#
..........#.........#.# #.#
#....####.#####.#.#.#.####.#
#....# #... ...............#
#....# #..#####.#...#.######
#....# #.... .........#
#....# #...####.########
##.### #........@......# #.#
#..#####.J.####.#
#.#####......#....#
#<#..........#..>....
#.#.........(#....### .
#.#..........#...... .
#.####.....#.#....... .
##.## #.....#.#.#..... ....#
#.....#.#


You could see a jelly.

Vanquished Creatures
  Prince Ribbit (D:5)
  2 ogres
  A bullfrog (D:5)
  4 hounds
  Crazy Yiuf (D:2)
  A bullfrog skeleton (D:5)
  A centaur skeleton (D:4)
  5 worker ants (D:4)
  A worker ant zombie (D:5)
  2 gnolls (D:2)
  9 adders
  2 shadow imps (D:5)
  2 ufetubi (D:5)
  2 oozes
  2 adder skeletons (D:5)
  5 worms
  4 dart slugs
  7 leopard geckos
  2 orcs
  8 bats
  6 giant cockroaches
  3 goblins
  4 hobgoblins
  5 jackals
  5 quokkas
  4 ball pythons
  7 frilled lizards
  A giant cockroach zombie (D:3)
  7 kobolds
  8 rats
112 creatures vanquished.

Vanquished Creatures (others)
  55 plants (D:2)
55 creatures vanquished.

Grand Total: 167 creatures vanquished

Notes
Turn   | Place    | Note
-------+----------+-------------------------------------------
     0 | D:1      | sergeynaz the Draconian Air Elementalist began the quest
                  | for the Orb.
     0 | D:1      | Reached XP level 1. HP: 14/14 MP: 3/3
   687 | D:1      | Reached XP level 2. HP: 20/20 MP: 1/5
  1538 | D:1      | Reached XP level 3. HP: 26/26 MP: 6/6
  2071 | D:2      | Learned a level 2 spell: Swiftness
  2160 | D:2      | Found a glowing silver altar of Zin.
  2161 | D:2      | Found a bloodstained altar of Trog.
  2162 | D:2      | Found a radiant altar of Vehumet.
  2176 | D:2      | Reached XP level 4. HP: 16/33 MP: 0/8
  3004 | D:2      | Reached skill level 4 in Air Magic
  3175 | D:2      | Found a sparkling altar of Nemelex Xobeh.
  3202 | D:2      | Found a runed translucent door.
  3203 | D:2      | Noticed Crazy Yiuf
  3212 | D:2      | Killed Crazy Yiuf
  3213 | D:2      | Reached XP level 5. HP: 38/38 MP: 4/9
  4108 | D:3      | Noticed an ogre
  4160 | D:3      | Killed an ogre
  4161 | D:3      | Reached XP level 6. HP: 41/45 MP: 5/11
  4520 | D:3      | Found an opulent altar of Gozag.
  4766 | D:3      | Found a shimmering blue altar of Sif Muna.
  4984 | D:3      | Became a worshipper of Gozag Ym Sagoz the Greedy
  5015 | D:4      | Learned a level 5 spell: Lightning Bolt
  5296 | D:4      | Reached skill level 5 in Air Magic
  5504 | D:4      | Your scales start taking on a fiery red colour.
  5504 | D:4      | Reached XP level 7. HP: 37/50 MP: 10/13
  5504 | D:4      | Gained mutation: Your flesh is heat resistant. (rF+) [Red
                  | Draconian growth]
  5537 | D:4      | Found a transporter.
  5557 | D:4      | Found an ancient bone altar of Kikubaaqudgha.
  5561 | D:4      | Noticed Menkaure
  5568 | D:4      | Found a basalt altar of Yredelemnul.
  5571 | D:4      | Found a transporter.
  6247 | D:4      | Found a runed translucent door.
  6248 | D:4      | Noticed Zeld's ghost (amateur GrMo)
  6347 | D:5      | Entered Level 5 of the Dungeon
  6580 | D:5      | Noticed Prince Ribbit
  6914 | D:5      | Reached skill level 5 in Conjurations
  7020 | D:5      | Reached skill level 6 in Air Magic
  7359 | D:5      | Killed Prince Ribbit
  7360 | D:5      | Reached XP level 8. HP: 57/57 MP: 8/15
  7449 | D:5      | Splashed by a jelly's acid

Illustrated notes

Levels and vault maps discovered:
D:1:      psy_arrival_terrarium, layout_loops_ring
D:2:      wad_woods_tower, layout_basic, general_overflow_altar,
          chequers_temple_overflow_statue_of_worship, serial_forest,
          infiniplex_forest_lined_1, infiniplex_forest_clump_small,
          infiniplex_forest_lined_corner, infiniplex_forest_straight_4,
          infiniplex_forest_clump_double, uniq_crazy_yiuf_cottage
D:3:      minmay_spotlight, layout_loops_ring,
          nicolae_gozag_cash_rules_everything_around_me, led_sif_pool
D:4:      layout_basic, gammafunk_temple_of_torment, ebering_ghost_inner_flame
D:5:      layout_basic, uniq_prince_ribbit1, uniq_menkaure

Skill      XL: |  1  2  3  4  5  6  7 |
---------------+----------------------+-----
Conjurations   | 2 3 4 5 |  5.8
Spellcasting   | 3 4 |  4.8
Air Magic      | 4 5 6 |  6.0
Dodging        | |  1.7
Stealth        | |  1.7

Action                   |  1- 3 |  4- 6 |  7- 9 || total
-------------------------+-------+-------+-------++-------
Melee: Unarmed           |     6 |       |       ||     6
       Spear             |    99 |   161 |   129 ||   389
       Tailslap          |     9 |    13 |    19 ||    41
Throw: Dart              |       |     6 |     1 ||     7
 Cast: Shock             |    57 |    85 |    67 ||   209
       Swiftness         |       |     3 |     2 ||     5
 Abil: Breathe Fire      |       |       |     1 ||     1
Evoke: Wand              |       |     3 |     4 ||     7
  Use: Scroll            |     3 |     3 |       ||     6
       Potion            |       |       |     1 ||     1
 Stab: Sleeping          |       |     2 |       ||     2
       Distracted        |       |     1 |       ||     1
Armor: Skin              |    32 |    66 |    55 ||   153
Dodge: Dodged            |    83 |   110 |   113 ||   306
